 Dungeon Sprint DCSS version 0.31.0-9-g3a7656b989 (webtiles) character file.

Game seed: 3261705481743907901

24654 Heoruswealwe the Minotaur Porcupine (level 12, -4/134 HPs)
             Began as a Minotaur Fighter on Jan 26, 2024.
             Was an Initiate of Gozag.
             Slain by Rupert
             ... wielding a +2 triple sword of electrocution
              (30 damage)
             ... in the Dungeon (Sprint IX: "|||||||||||||||||||||||||||||").
             The game lasted 00:25:48 (3363 turns).

Heoruswealwe the Minotaur Porcupine (MiFi)          Turns: 3363, Time: 00:25:51

Health: -4/134     AC: 37    Str: 32    XL:     12   Next: 82%
Magic:  11/11      EV:  7    Int:  8    God:    Gozag
Gold:   1330       SH:  0    Dex: 10    Spells: 11/11 levels left

rFire   . . .        b - +0 bardiche
rCold   . . .        (shield currently unavailable)
rNeg    . . .        c - +6 crystal plate armour of Altruism {Int+3 SInv}
rPois   .            (helmet restricted)
rElec   .            h - scarf {repulsion}
rCorr   .            f - +1 pair of gloves
SInv    +            e - +0 pair of boots
Will    .....        i - amulet of regeneration Stlth
                     k - +3 ring of strength
HPRegen 1.22/turn    j - +3 ring of strength
MPRegen 0.12/turn

%: no teleportation, repel missiles
@: no status effects
A: horns 2, retaliatory headbutt
a: Renounce Religion, Potion Petition, Call Merchant, Bribe Branch


You were in the Dungeon.
You worshipped Gozag.
Gozag was most pleased with you.
You visited 1 branch You collected 10467 gold pieces.
You spent 5021 gold pieces at shops.
You paid 4116 gold pieces to Gozag.

Inventory:

Hand Weapons
 a - a +0 trident
 b - a +0 bardiche (weapon)
Armour
 c - the +6 crystal plate armour of Altruism (worn) {Int+3 SInv}
   (You bought it in a shop in the Dungeon)

   Int+3:     It affects your intelligence (+3).
   SInv:      It lets you see invisible.
 d - a +1 tower shield
 e - a +0 pair of boots (worn)
 f - a +1 pair of gloves (worn)
 h - a scarf of repulsion (worn)
 A - the +4 skin of Zhor {*Englaciate rC+++ SInv}
   (You bought it in a shop in the Dungeon)

   *Englaciate: It radiates cold, occasionally slowing all nearby creatures who
   are not resistant to cold.
   rC+++:     It renders you almost immune to cold.
   SInv:      It lets you see invisible.
Jewellery
 i - an amulet of regeneration (around neck)
 j - a +3 ring of strength (right hand)
 k - a +3 ring of strength (left hand)
Talismans
 w - a flux talisman
Wands
 t - a wand of roots (13)
Scrolls
 o - 4 scrolls of blinking
 q - 5 scrolls of enchant weapon
 r - 3 scrolls of enchant armour
 u - a scroll of revelation {unknown}
Potions
 g - 2 potions of haste
 l - a potion of berserk rage
 m - 11 potions of curing
 n - a potion of might
 p - a potion of mutation
 s - 3 potions of heal wounds


   Skills:
 + Level 20.5 Fighting
 O Level 27 Polearms
 + Level 20.5 Armour
 - Level 3.6 Shields


You had 11 spell levels left.
You didn't know any spells.
Your spell library was empty.

Dungeon Overview and Level Annotations

Branches:
Dungeon (1/1)

Altars:
Cheibriados
Dithmenos
Elyvilon
Fedhas
Gozag
Hepliaklqana
Kikubaaqudgha
Makhleb
Nemelex Xobeh
Okawaru
Qazlal
Ru
Sif Muna
Trog
Uskayaw
Vehumet
Wu Jian
Xom
Yredelemnul
Zin
The Shining One
Jiyva
Lugonu

Shops:
D (*::*([[*

Annotations:
D Nessos, Rupert, Snorg


Innate Abilities, Weirdness & Mutations

You have a pair of horns on your head.
You reflexively headbutt those who attack you in melee.


Message History

Nessos shoots an arrow.
The arrow hits you but does no damage.
Rupert hits you with a +2 triple sword of electrocution!!!
* * * LOW HITPOINT WARNING * * *
You are electrocuted!
* * * LOW HITPOINT WARNING * * *
Nessos casts a spell.
Nessos blinks!
You slash Rupert!
Rupert is moderately wounded.
You feel sick.
You are no longer poisoned.
Rupert hits you with a +2 triple sword of electrocution!
* * * LOW HITPOINT WARNING * * *
Nessos shoots an arrow.
The arrow hits you but does no damage.
Blink to where?
Press: ? - help, Dir - move target
As you read the scroll of blinking, it crumbles to dust.
Nessos unwields a +1 longbow of flaming.
It stops flaming.
Nessos hits you but does no damage. Nessos kicks you but does no damage.
Nessos hits you but does no damage. Nessos kicks you but does no damage.
Rupert rages.
You feel much better.
Nessos gestures wildly while chanting.
Nessos blinks!
Rupert rages.
Nessos mumbles some strange words.
Nessos blinks!
Nessos hits you but does no damage. Nessos kicks you.
You cut Nessos into ribbons!!!
Nessos is severely wounded.
Nessos hits you but does no damage. Nessos kicks you but does no damage.
Rupert hits you with a +2 triple sword of electrocution!!
* * * LOW HITPOINT WARNING * * *
You hit Nessos but do no damage.
Nessos is severely wounded.
Nessos completely misses you. Nessos kicks you but does no damage.
Rupert hits you with a +2 triple sword of electrocution!!
You die...
Rupert roars with triumph.
Your body crumbles into a pile of gold.

................=................
▓▓▓▓▓▓▓▓▓▓▓▓▓▓▓▓▓▓▓▓▓▓▓▓▓▓▓▓▓▓▓▓▓
......[=....∩.∩.∩.∩.∩.∩.'.∩.∩....
▓▓▓▓▓▓▓▓▓▓▓▓▓▓▓▓▓▓▓▓▓▓▓▓▓▓▓▓▓▓▓▓▓
.................................
▓▓▓▓▓▓▓▓▓▓▓▓▓▓▓▓▓▓▓▓▓▓▓▓▓▓▓▓▓▓▓▓▓
[.......'[..............'.∩.[....
▓▓▓▓▓▓▓▓▓▓▓▓▓▓▓▓▓▓▓▓▓▓▓▓▓▓▓▓▓▓▓▓▓
....§..§..T@@c..)............
▓▓▓▓▓▓▓▓▓▓▓▓▓▓▓▓▓▓▓▓▓▓▓▓▓▓▓▓▓


You could see Rupert (berserk, extremely poisoned), Snorg (berserk) and Nessos
(fast).

Vanquished Creatures
  A very ugly thing (D)
  3 stone giants (D)
  An ettin (D)
  A hydra (D)
  Erica (D)
  A rakshasa (D)
  3 centaur warriors (D)
  A two-headed ogre (D)
  2 tengu warriors (D)
  A boulder beetle (D)
  An orc high priest (D)
  Urug (D)
  2 skysharks (D)
  2 lindwurms (D)
  7 orc knights (D)
  A deep elf pyromancer (D)
  2 orc sorcerers (D)
  An ugly thing (D)
  2 cyclopes (D)
  3 cane toads (D)
  2 rime drakes (D)
  A komodo dragon (D)
  2 tyrant leeches (D)
  2 trolls (D)
  A dream sheep (D)
  4 yaks (D)
  2 wyverns (D)
  A basilisk (D)
  Grum (D)
  2 vampire mosquitoes (D)
  A water moccasin (D)
  17 orc warriors (D)
  A black bear (D)
  A laughing skull (D)
  3 wolves (D)
  3 bullfrogs (D)
  A howler monkey (D)
  4 orc priests (D)
  A hound (D)
  4 orc wizards (D)
  An adder (D)
  4 ribbon worms (D)
  4 orcs (D)
  A bat (D)
  A giant cockroach (D)
  A jackal (D)
  2 quokkas (D)
  A kobold (D)
106 creatures vanquished.

Vanquished Creatures (others)
  An orc wizard (D)
1 creature vanquished.

Grand Total: 107 creatures vanquished

Notes
Turn   | Place    | Note
-------+----------+-------------------------------------------
     0 | D        | Heoruswealwe the Minotaur Fighter began the quest for the
                  | Orb.
     0 | D        | Reached XP level 1. HP: 19/19 MP: 0/0
     7 | D        | Reached skill level 3 in Polearms
    25 | D        | Noticed a black bear
    25 | D        | Noticed an orc wizard
    25 | D        | Noticed a hound
    33 | D        | Killed a black bear
    34 | D        | Reached skill level 7 in Polearms
    34 | D        | Reached XP level 2. HP: 14/31 MP: 1/1
    34 | D        | Reached XP level 3. HP: 18/38 MP: 2/2
    34 | D        | Reached XP level 4. HP: 21/45 MP: 3/3
    44 | D        | Reached skill level 8 in Polearms
    50 | D        | Reached skill level 9 in Polearms
    50 | D        | Reached XP level 5. HP: 25/52 MP: 4/4
    56 | D        | Found a snail-covered altar of Cheibriados.
    56 | D        | Found a shadowy altar of Dithmenos.
    56 | D        | Found a white marble altar of Elyvilon.
    56 | D        | Found a blossoming altar of Fedhas.
    56 | D        | Found an opulent altar of Gozag.
    57 | D        | Found a hazy altar of Hepliaklqana.
    58 | D        | Found a viscous altar of Jiyva.
    59 | D        | Found an ancient bone altar of Kikubaaqudgha.
    60 | D        | Found a corrupted altar of Lugonu.
    61 | D        | Found a burning altar of Makhleb.
    62 | D        | Found a sparkling altar of Nemelex Xobeh.
    63 | D        | Found an iron altar of Okawaru.
    64 | D        | Became a worshipper of Gozag Ym Sagoz the Greedy
    65 | D        | Found a stormy altar of Qazlal.
    66 | D        | Found a sacrificial altar of Ru.
    67 | D        | Found a shimmering blue altar of Sif Muna.
    68 | D        | Found a bloodstained altar of Trog.
    69 | D        | Found a hide-covered altar of Uskayaw.
    70 | D        | Found a radiant altar of Vehumet.
    71 | D        | Found an ornate altar of the Wu Jian Council.
    72 | D        | Found a shimmering altar of Xom.
    73 | D        | Found a basalt altar of Yredelemnul.
    74 | D        | Found a glowing silver altar of Zin.
    75 | D        | Found a glowing golden altar of the Shining One.
   148 | D        | Noticed a troll
   148 | D        | Noticed a yak
   148 | D        | Noticed a yak
   148 | D        | Noticed a yak
   148 | D        | Noticed a two-headed ogre
   156 | D        | Killed a troll
   157 | D        | Reached skill level 11 in Polearms
   157 | D        | Reached XP level 6. HP: 27/63 MP: 5/5
   160 | D        | Killed a yak
   161 | D        | Reached skill level 12 in Polearms
   161 | D        | Reached XP level 7. HP: 32/71 MP: 6/6
   163 | D        | Killed a yak
   164 | D        | Reached skill level 10 in Fighting
   164 | D        | Reached skill level 13 in Polearms
   164 | D        | Reached skill level 10 in Armour
   166 | D        | Killed a yak
   167 | D        | Reached skill level 14 in Polearms
   176 | D        | Killed a two-headed ogre
   177 | D        | Reached skill level 15 in Polearms
   177 | D        | Reached XP level 8. HP: 36/83 MP: 7/7
   319 | D        | Noticed a cyclops
   319 | D        | Noticed a troll
   319 | D        | Noticed a deep elf pyromancer
   319 | D        | Noticed a centaur warrior
   323 | D        | Killed a cyclops
   324 | D        | Reached skill level 16 in Polearms
   336 | D        | Killed a deep elf pyromancer
   337 | D        | Reached skill level 17 in Polearms
   337 | D        | Reached XP level 9. HP: 60/92 MP: 8/8
   347 | D        | Killed a centaur warrior
   348 | D        | Reached skill level 18 in Polearms
   351 | D        | Killed a troll
   650 | D        | Noticed a cane toad
   650 | D        | Noticed a rime drake
   654 | D        | Noticed a cane toad
   658 | D        | Killed a cane toad
   659 | D        | Reached skill level 19 in Polearms
   659 | D        | Noticed a seven-headed hydra
   674 | D        | Killed a nine-headed hydra
   675 | D        | Reached XP level 10. HP: 104/104 MP: 9/9
   678 | D        | Reached skill level 20 in Polearms
   680 | D        | Killed a cane toad
   681 | D        | Reached skill level 15 in Fighting
   681 | D        | Reached skill level 15 in Armour
   825 | D        | Noticed a skyshark
   825 | D        | Noticed a cane toad
   825 | D        | Noticed a skyshark
   837 | D        | Killed a skyshark
   840 | D        | Killed a cane toad
   841 | D        | Reached skill level 21 in Polearms
   981 | D        | Killed a skyshark
  1378 | D        | Noticed a lindwurm
  1378 | D        | Noticed a lindwurm
  1391 | D        | Killed a lindwurm
  1392 | D        | Reached skill level 22 in Polearms
  1392 | D        | Reached XP level 11. HP: 45/115 MP: 10/10
  1575 | D        | Killed a lindwurm
  1729 | D        | Noticed Erica
  1739 | D        | Killed Erica
  1812 | D        | Noticed Grum
  1822 | D        | Killed Grum
  1870 | D        | Noticed an orc knight
  1895 | D        | Killed an orc knight
  1896 | D        | Reached skill level 23 in Polearms
  2146 | D        | Noticed an orc knight
  2146 | D        | Noticed an orc high priest
  2151 | D        | Noticed an orc sorcerer
  2154 | D        | Killed an orc knight
  2174 | D        | Noticed an orc sorcerer
  2185 | D        | Noticed a sixfirhy
  2185 | D        | Killed an orc high priest
  2192 | D        | Killed an orc sorcerer
  2207 | D        | Killed an orc sorcerer
  2224 | D        | Reached skill level 24 in Polearms
  2445 | D        | Found Ban Qaewk's Antique Weapon Emporium.
  2445 | D        | Noticed an orc knight
  2445 | D        | Noticed an orc knight
  2450 | D        | Noticed an orc knight
  2453 | D        | Killed an orc knight
  2460 | D        | Killed an orc knight
  2471 | D        | Killed an orc knight
  2491 | D        | Noticed an orc knight
  2503 | D        | Killed an orc knight
  2548 | D        | Reached XP level 12. HP: 84/128 MP: 11/11
  2656 | D        | Found Ituxy's Assorted Antiques.
  2660 | D        | Found Esiher's Book Emporium.
  2664 | D        | Found Itticuirr's Book Shoppe.
  2692 | D        | Reached skill level 25 in Polearms
  2759 | D        | Bought a potion of curing for 78 gold pieces
  2759 | D        | Bought a bubbling inky potion for 23 gold pieces
  2759 | D        | Bought an opal ring for 130 gold pieces
  2759 | D        | Bought a wand of roots (3) for 187 gold pieces
  2759 | D        | Bought a potion of curing for 78 gold pieces
  2797 | D        | Bought a scroll of enchant weapon for 112 gold pieces
  2797 | D        | Bought a potion of heal wounds for 75 gold pieces
  2797 | D        | Bought a potion of curing for 45 gold pieces
  2797 | D        | Bought a scroll of poison for 60 gold pieces
  2813 | D        | Bought the +6 crystal plate armour of Altruism {Int+3 SInv}
                  | for 1896 gold pieces
  2813 | D        | Bought the +4 skin of Zhor {*Englaciate rC+++ SInv} for
                  | 1064 gold pieces
  2813 | D        | Found the +4 skin of Zhor {*Englaciate rC+++ SInv}
  2816 | D        | Bought a scroll labelled YTOVAU JATENA for 24 gold pieces
  2816 | D        | Bought a bound turquoise ring for 120 gold pieces
  2816 | D        | Identified the ring of Hiryi {Fire Fly MP+9 Str-2 Int+5}
                  | (You bought it in a shop in the Dungeon)
  2816 | D        | Bought a small brass amulet for 120 gold pieces
  2816 | D        | Bought a scroll of blinking for 180 gold pieces
  2816 | D        | Bought a scroll of enchant armour for 180 gold pieces
  2816 | D        | Bought a potion of curing for 72 gold pieces
  3088 | D        | Noticed a centaur warrior
  3088 | D        | Noticed a centaur warrior
  3088 | D        | Noticed a boulder beetle
  3090 | D        | Killed a centaur warrior
  3091 | D        | Noticed a stone giant
  3101 | D        | Killed a boulder beetle
  3111 | D        | Noticed a stone giant
  3112 | D        | Noticed a cyan very ugly thing
  3117 | D        | Killed a stone giant
  3117 | D        | Noticed a tengu warrior
  3127 | D        | Killed a centaur warrior
  3136 | D        | Noticed a tengu warrior
  3145 | D        | Killed a stone giant
  3146 | D        | Reached skill level 26 in Polearms
  3157 | D        | Killed a cyan very ugly thing
  3164 | D        | Killed a tengu warrior
  3168 | D        | Killed a tengu warrior
  3170 | D        | Noticed a stone giant
  3180 | D        | Killed a stone giant
  3194 | D        | Noticed an ettin
  3215 | D        | Killed an ettin
  3216 | D        | Reached skill level 27 in Polearms
  3233 | D        | Noticed a rakshasa
  3241 | D        | Killed a rakshasa
  3274 | D        | Bought a pair of shimmering boots for 313 gold pieces
  3274 | D        | Identified the +1 pair of boots of Existentialism {Harm
                  | Stlth+} (You bought it in a shop in the Dungeon)
  3274 | D        | Bought an embroidered scarf for 264 gold pieces
  3303 | D        | Noticed Urug
  3313 | D        | Killed Urug
  3342 | D        | Noticed Nessos
  3347 | D        | Noticed Snorg
  3348 | D        | Noticed Rupert
  3363 | D        | Slain by Rupert

Illustrated notes

Levels and vault maps discovered:
D:        linesprint [early_d, line_temple, items_1, d_10, items_2, lair_1,
          lair_end, items_3, orc_1, orc_end, items_4, d_15, swamp_1, shoals_1,
          snake_1, spider_1, d_20, vaults_1, items_5, swamp_end, shoals_end,
          snake_end, spider_end, vaults_end, d_27, items_6, zot_1, zot_end,
          crypt_end, forest_end, elf_end, slime_end, tomb_end, abyss_end,
          pan_hell_end]

Skill      XL: |  1  2  3  4  5  6  7  8  9 10 11 12 |
---------------+-------------------------------------+-----
Polearms       | 7 9 11 12 15 17 19 22 24 27 | 27.0
Fighting       | 6 7 9 11 12 14 16 18 20 | 20.5
Armour         | 6 7 9 11 12 14 16 18 20 | 20.5
Shields        | |  3.6

Action                     |  1- 3 |  4- 6 |  7- 9 | 10-12 || total
---------------------------+-------+-------+-------+-------++-------
  Melee: Trident           |    23 |    16 |       |       ||    39
         Headbutt          |     2 |     5 |    14 |    65 ||    86
         Halberd           |       |    11 |    64 |   145 ||   220
         Bardiche          |       |       |       |   216 ||   216
 Invoke: Call Merchant     |       |       |       |     5 ||     5
    Use: Potion            |       |     1 |     3 |     6 ||    10
         Scroll            |       |       |       |     2 ||     2
   Stab: Distracted        |       |       |     2 |     2 ||     4
 Armour: Scale mail        |    23 |     7 |       |       ||    30
         Ring mail         |       |    18 |    39 |    86 ||   143
         Plate armour      |       |       |       |    62 ||    62
         Crystal plate arm |       |       |       |    90 ||    90
  Dodge: Dodged            |    12 |    11 |    21 |   103 ||   147
         Repelled          |       |       |       |     1 ||     1
  Block: Buckler           |     8 |     2 |       |       ||    10
